 Dungeon Crawl Stone Soup version 0.29-a0-653-gd47aff6735 (webtiles) character file.

Game seed: 4156030622369143131

1712 DocClef the Cleaver (level 9, -7/68 HPs)
             Began as a Formicid Fighter on June 21, 2022.
             Mangled by a two-headed ogre
             ... wielding a +0 giant spiked club
              (28 damage)
             ... on level 7 of the Dungeon.
             The game lasted 00:06:05 (4537 turns).

DocClef the Cleaver (Formicid Fighter)              Turns: 4537, Time: 00:06:06

Health: -7/68      AC: 12    Str: 25    XL:     9   Next: 24%
Magic:  9/9        EV:  6    Int: 12    God:
Gold:   290        SH:  5    Dex: 13    Spells: 8/8 levels left

rFire   . . .      SeeInvis +   s - +5 spear "Emmela Soich" {elec, Int+4}
rCold   . . .      Faith    .   c - +0 buckler
rNeg    . . .      Spirit   .   e - +1 plate armour
rPois   .          Reflect  .   (helmet unavailable)
rElec   .          Harm     .   g - -1 cloak "Sitefuot Nua" {Rampage Regen+ Slay+3}
rCorr   .          Rampage  +   (no gloves)
Will    .....                   (no boots)
Stlth   ..........              (no amulet)
HPRegen 1.01/turn               (no ring)
MPRegen 0.11/turn               (no ring)

@: no status effects
A: permanent stasis, dig shafts and tunnels, antennae 3, four strong arms
a: Dig, Shaft Self


You were on level 7 of the Dungeon.
You visited 2 branches of the dungeon, and saw 8 of its levels.

You collected 290 gold pieces.

Inventory:

Hand Weapons
 a - a +0 war axe
 h - a +0 broad axe of freezing
 s - the +5 spear "Emmela Soich" (weapon) {elec, Int+4}
   (You found it on level 6 of the Dungeon)

   It occasionally discharges a powerful burst of electricity upon striking a
   foe.
   Int:       It affects your intelligence (+4).
Armour
 b - a +0 scale mail
 c - a +0 buckler (worn)
 e - a +1 plate armour (worn)
 g - the -1 cloak "Sitefuot Nua" (worn) {Rampage Regen+ Slay+3}
   (You acquired it on level 2 of the Dungeon)

   Slay:      It affects your accuracy & damage with ranged weapons and melee
   (+3).
   Regen:     It increases your rate of health regeneration.
   Rampage:   It bestows one free step when moving towards enemies.
Jewellery
 i - a ring of fire
Wands
 f - a wand of polymorph (9)
 j - a wand of flame (18)
 m - a wand of paralysis (24)
Scrolls
 k - 2 scrolls of enchant weapon {unknown}
 n - 2 scrolls of identify
 p - a scroll of teleportation {unknown}
 q - a scroll of enchant armour
 u - 3 scrolls of brand weapon
 w - a scroll of vulnerability {unknown}
Potions
 d - a potion of might
 l - a potion of mutation
 o - a potion of lignification {unknown}
 r - a potion of heal wounds
 t - a potion of attraction {unknown}
 v - a potion of ambrosia


   Skills:
 - Level 5.6 Fighting
 + Level 10.6 Axes
 - Level 3.2 Armour
 - Level 4.0 Shields


You had 8 spell levels left.
You didn't know any spells.
Your spell library contained the following spells:

 Spells                   Type           Power      Damage    Failure   Level
 Magic Dart               Conj           0%         1d3       100%        1
 Call Imp                 Summ           0%         N/A       100%        2
 Mephitic Cloud           Conj/Pois/Air  0%         N/A       100%        3
 Ozocubu's Armour         Ice            0%         N/A       100%        3
 Ozocubu's Refrigeration  Ice            0%         4d5       100%        7


Dungeon Overview and Level Annotations

Branches:
Dungeon (7/15)             Temple (1/1) D:6

Altars:
Cheibriados
Fedhas
Gozag
Kikubaaqudgha
Makhleb
Qazlal
Ru
Sif Muna
Trog
Uskayaw
Wu Jian
Xom
Zin
The Shining One

Annotations:
D:4 1 runed translucent door, Crazy Yiuf


Innate Abilities, Weirdness & Mutations

You cannot be hasted, slowed, berserked, paralysed or teleported.
You can dig through walls and to a lower floor.
You have a pair of large antennae on your head. (SInv)
Your four strong arms can wield two-handed weapons with a shield.


Message History

The two-headed ogre shouts in stereo!
The two-headed ogre moves out of view.
You reach to attack!
You hit the two-headed ogre.
The two-headed ogre is lightly wounded.
You hit the two-headed ogre but do no damage.
The two-headed ogre is lightly wounded.
The two-headed ogre hits you with a +0 giant spiked club.
The two-headed ogre hits you but does no damage.
You closely miss the two-headed ogre.
The two-headed ogre is lightly wounded.
Unknown command.
You barely miss the two-headed ogre.
The two-headed ogre is lightly wounded.
The two-headed ogre barely misses you.
The two-headed ogre hits you with a +0 giant club!
You hit the two-headed ogre.
The two-headed ogre is lightly wounded.
You hit the two-headed ogre but do no damage.
The two-headed ogre is lightly wounded.
The two-headed ogre hits you but does no damage.
The two-headed ogre hits you with a +0 giant club!
You puncture the two-headed ogre!
The two-headed ogre is moderately wounded.
Unknown command.
You puncture the two-headed ogre!
The two-headed ogre is heavily wounded.
The two-headed ogre hits you with a +0 giant spiked club!
The two-headed ogre hits you with a +0 giant club!!
* * * LOW HITPOINT WARNING * * *
You are too injured to fight recklessly!
You are too injured to fight recklessly!
You are too injured to fight recklessly!
You are too injured to fight recklessly!
Unknown command.
You puncture the two-headed ogre!
The two-headed ogre is heavily wounded.
You puncture the two-headed ogre!
The two-headed ogre is severely wounded.
The two-headed ogre hits you with a +0 giant spiked club!!
You die...

##.######..............
#.# ....>....(........
#.# ###.......#.##....
#.# #.#..######.##+###
#.# ..#.....#.......#
#.# #.#...#.#.#.....#
#.# #.#...#.#.......##
#.###.#...#.#....#....
#....@......#....#.###
#####O#####.#....#.#
#.#.....#....#.# ....
#...#....# ####..=..
#.######## #........#
#.# #...###### #.#
#...# #.######
#...########......#


You could see a two-headed ogre.

Vanquished Creatures
  Grinder (D:3)
  A steam dragon (D:5)
  A sky beast (D:7)
  2 ogres (D:5)
  A centaur (D:6)
  A necrophage (D:6)
  4 scorpions
  5 wights (D:6)
  An orc priest (D:5)
  3 hounds
  A jelly (D:4)
  3 iguanas
  Robin (D:3)
  11 adders
  3 gnolls (D:6)
  A shadow imp (D:5)
  A white imp (D:6)
  2 dart slugs
  10 orcs
  6 endoplasms
  10 giant cockroaches
  16 goblins
  9 hobgoblins
  2 jackals (D:2)
  3 quokkas
  6 ball pythons
  6 bats
111 creatures vanquished.

Vanquished Creatures (others)
  A demonic plant (D:1)
  A plant (D:6)
2 creatures vanquished.

Grand Total: 113 creatures vanquished

Notes
Turn   | Place    | Note
-------+----------+-------------------------------------------
     0 | D:1      | DocClef the Formicid Fighter began the quest for the Orb.
     0 | D:1      | Reached XP level 1. HP: 18/18 MP: 1/1
   148 | D:1      | Reached XP level 2. HP: 22/25 MP: 2/2
   431 | D:1      | Found a faded altar of an unknown god.
   928 | D:2      | Reached XP level 3. HP: 18/31 MP: 3/3
  1066 | D:2      | Reached skill level 5 in Fighting
  1187 | D:2      | Reached XP level 4. HP: 39/39 MP: 4/4
  1289 | D:2      | Identified a scroll of acquirement
  1289 | D:2      | Acquired the -1 cloak "Sitefuot Nua" {Rampage Regen+
                  | Slay+3}
  1759 | D:3      | Reached XP level 5. HP: 45/45 MP: 5/5
  1927 | D:3      | Noticed Robin
  1945 | D:3      | Killed Robin
  1946 | D:3      | Reached skill level 3 in Axes
  2057 | D:3      | Noticed Grinder
  2067 | D:3      | Killed Grinder
  2068 | D:3      | Reached skill level 5 in Axes
  2068 | D:3      | Reached XP level 6. HP: 49/51 MP: 6/6
  2257 | D:3      | Reached XP level 7. HP: 50/56 MP: 7/7
  2756 | D:4      | Reached skill level 6 in Axes
  2935 | D:4      | Found a sacrificial altar of Ru.
  3013 | D:4      | Found a runed translucent door.
  3014 | D:4      | Noticed Crazy Yiuf
  3164 | D:5      | Entered Level 5 of the Dungeon
  3450 | D:5      | Reached skill level 7 in Axes
  3503 | D:5      | Reached XP level 8. HP: 63/63 MP: 8/8
  3509 | D:5      | Reached skill level 8 in Axes
  3706 | D:5      | Found a hide-covered altar of Uskayaw.
  3810 | D:6      | Found a stormy altar of Qazlal.
  3823 | D:6      | Found a blossoming altar of Fedhas.
  3834 | D:6      | Reached skill level 9 in Axes
  3889 | D:6      | HP: 2/55 [wight/+3 trident (2)]
  3890 | D:6      | Reached XP level 9. HP: 2/65 MP: 9/9
  3933 | D:5      | Reached skill level 10 in Axes
  4063 | D:6      | Found a staircase to the Ecumenical Temple.
  4073 | D:6      | Identified the +5 spear "Emmela Soich" {elec, Int+4}
  4097 | Temple   | Entered the Ecumenical Temple
  4526 | D:7      | Noticed a two-headed ogre
  4537 | D:7      | Mangled by a two-headed ogre

Illustrated notes

Levels and vault maps discovered:
D:1:      roderic_octagonal_star, layout_basic, shapermc_ecumenical_altar_gd
D:2:      layout_basic
D:3:      layout_loops_corners, uniq_grinder, uniq_robin
D:4:      layout_cave_pools, nicolae_ru_the_path_less_chosen,
          uniq_crazy_yiuf_cottage
D:5:      lemuel_ice_spiral_2, layout_basic, nicolae_uskayaw_dance_hall
D:6:      layout_rooms, grunt_temple_overflow_forces_of_nature,
          minmay_temple_entry_tees
D:7:      layout_basic, minmay_lizard_king
Temple:   eino_temple_lava

Skill      XL: |  1  2  3  4  5  6  7  8  9 |
---------------+----------------------------+-----
Fighting       | 4 5 |  5.6
Axes           | 5 7 9 10 | 10.6
Armour         | |  3.2
Shields        | |  4.0

Action                   |  1- 3 |  4- 6 |  7- 9 || total
-------------------------+-------+-------+-------++-------
Melee: War axe           |    25 |       |       ||    25
       Broad axe         |    10 |    96 |   126 ||   232
       Spear             |       |       |    26 ||    26
  Use: Scroll            |     2 |     4 |     4 ||    10
       Potion            |     1 |     6 |       ||     7
Armor: Scale mail        |    18 |     9 |       ||    27
       Plate armour      |       |    53 |    74 ||   127
Dodge: Dodged            |    16 |    44 |    38 ||    98
Block: Buckler           |     5 |    18 |    34 ||    57

Table legend: (Time is in decaauts)
 A = Elapsed time spent in this place.
 B = Non-inter-level travel time spent in this place.
 C = Inter-level travel time spent in this place.
 D = Time resting spent in this place.
 E = Time spent auto-exploring this place.
 F = Levels seen in this place.
 G = Mean time per level.
                   A        B        C        D        E       F      G
               +--------+--------+--------+--------+--------+-----+--------+
         Total |   4626 |   4436 |    190 |     86 |   3471 |   8 |  578.2 |
       Dungeon |   4553 |   4368 |    185 |     86 |   3408 |   7 |  650.4 |
        Temple |     72 |     67 |      5 |      0 |     63 |   1 |   72.0 |
               +--------+--------+--------+--------+--------+-----+--------+

Top non-repeatable levels by time:
     D:3: 952 daAuts
     D:2: 898 daAuts
     D:1: 875 daAuts
     D:5: 676 daAuts
     D:4: 511 daAuts
     D:6: 470 daAuts
     D:7: 168 daAuts
  Temple: 72 daAuts
